 Dungeon Crawl Stone Soup version 0.29.0-4-gdea44cf6ec (webtiles) character file.

Game seed: 5386074201666587991

2532 qw the Cleaver (level 9, -2/57 HPs)
             Began as a Gargoyle Berserker on Sept 8, 2022.
             Was a Priest of Trog.
             Slain by a killer bee (7 damage)
             ... on level 8 of the Dungeon.
             The game lasted 00:02:43 (7605 turns).

qw the Cleaver (Gargoyle Berserker)                 Turns: 7605, Time: 00:02:43

Health: -2/57      AC: 25    Str: 31    XL:     9   Next: 55%
Magic:  9/9        EV:  8    Int:  8    God:    Trog [***...]
Gold:   455        SH:  0    Dex:  9    Spells: 8/8 levels left

rFire   . . .      SeeInvis .   Y - +1 hand axe (drain)
rCold   . . .      Faith    .   (no shield)
rNeg    + . .      Spirit   .   h - +2 plate armour
rPois   inf        Reflect  .   d - +2 helmet
rElec   +          Harm     .   (no cloak)
rCorr   .          Rampage  .   (no gloves)
Will    .....                   l - +0 pair of boots
Stlth   ..........              f - amulet of regeneration
HPRegen 0.99/turn               e - +6 ring of strength
MPRegen 0.11/turn               (no ring)

@: about to teleport, on berserk cooldown, slowed, very slow
A: sickness immunity, AC +6, negative energy resistance 1, electricity
resistance, torment resistance 1, petrification resistance
a: Renounce Religion, Berserk, Trog's Hand


You were on level 8 of the Dungeon.
You worshipped Trog.
Trog was most pleased with you.
You visited 1 branch of the dungeon, and saw 8 of its levels.

You collected 455 gold pieces.


Innate Abilities, Weirdness & Mutations

You are immune to sickness and miasma.
Your stone body is resilient. (AC +6)
You are immune to poison.
You resist negative energy. (rN+)
You are resistant to electric shocks. (rElec)
You are resistant to unholy torment.
You are immune to petrification.


   Skills:
 - Level 7.1 Fighting
 + Level 9.4 Axes
 - Level 1.2 Throwing
 - Level 6.1 Armour
 - Level 1.5 Dodging


You had 8 spell levels left.
You didn't know any spells.
Your spell library was empty.

Inventory:

Hand Weapons
 i - a +2 flail of draining
 Y - a +1 hand axe of draining (weapon)
Armour
 d - a +2 helmet (worn)
 h - a +2 plate armour (worn)
 l - a +0 pair of boots (worn)
Jewellery
 e - a +6 ring of strength (left hand)
 f - an amulet of regeneration (around neck)
Scrolls
 a - a scroll of identify
Potions
 c - 2 potions of resistance
 g - a potion of curing
 k - a potion of might
 m - a potion of heal wounds
 n - a potion of haste {unknown}
 p - a potion of cancellation {unknown}

Dungeon Overview and Level Annotations

Branches:
Dungeon (8/15)             Temple (0/1) D:7
   Lair: D:8-11

Altars:
Kikubaaqudgha
Sif Muna
Uskayaw
Xom
Zin

Shops:
D:4 *

Annotations:
D:4 1 runed translucent door, Crazy Yiuf


Message History

The wight hits you but does no damage. The wight hits you with a +3 falchion.
The killer bee stings you but does no damage.
You hit the wight.
The wight is almost destroyed.
You closely miss the killer bee. You hit the wight. You slash the wight!
The killer bee barely misses you.
The killer bee stings you but does no damage.
The wight barely misses you.
The wight hits you but does no damage. x2
A killer bee comes into view.
The killer bee stings you! The wight hits you with a +4 dagger.
The wight hits you with a +3 falchion. The wight hits you with a +0 hand axe!
The killer bee buzzes angrily.
You hit the wight.
The wight is almost destroyed.
You hit the wight but do no damage. You barely miss the wight.
You closely miss the killer bee. You miss the killer bee.
The killer bee barely misses you. x2
The killer bee stings you but does no damage. x2
The wight hits you but does no damage. x2; The wight barely misses you.
You hit the wight.
You destroy the wight!
Trog accepts your kill.
You slash the killer bee! You drain the killer bee. You miss the killer bee.
You hit the killer bee but do no damage.
You hit the wight but do no damage. x2
The killer bee stings you but does no damage. x4
The wight hits you with a +0 hand axe! The wight hits you with a +3 falchion!
The killer bee stings you but does no damage. x3
7605 ||| READING scroll of teleportation.
As you read the scroll of teleportation, it crumbles to dust.
You feel strangely unstable. The killer bee barely misses you.
The killer bee stings you but does no damage.
The killer bee stings you. The killer bee closely misses you.
The killer bee stings you but does no damage.
The killer bee barely misses you. The wight barely misses you.
The wight hits you with a +3 falchion.
The killer bee stings you but does no damage.
The killer bee barely misses you. The killer bee stings you!
You die...

#### ....# ### #
...# .... . ...#
##..# .#...#+
.#..#.###.....###
......)).%.......
........yy.}.....
.!###.)yy@z......
#.###)z...###
#.##.'#...#..#
#.#...#...# .. .
#<.##...# # ####
.)..# ......
....... ...!...


You could see 4 killer bees and 2 wights.

Vanquished Creatures
  Maggie (D:7)
  A steam dragon (D:8)
  Edmund (D:4)
  Menkaure (D:7)
  2 water moccasins
  An orc warrior (D:6)
  2 black bears
  An ice beast (D:5)
  2 centaurs (D:7)
  A bullfrog (D:7)
  A necrophage (D:5)
  A gnoll sergeant (D:5)
  A wight (D:8)
  3 howler monkeys
  3 hounds (D:5)
  3 jellies
  An orc priest (D:8)
  6 iguanas
  4 orc wizards
  Robin (D:4)
  8 gnolls
  15 adders
  A shadow imp (D:6)
  2 white imps
  2 ufetubi (D:5)
  4 worms
  2 dart slugs (D:1)
  15 orcs
  6 endoplasms
  3 giant cockroaches
  14 goblins
  7 hobgoblins
  12 jackals
  4 quokkas
  9 ball pythons
  10 bats
  5 frilled lizards
  6 kobolds
  5 rats
167 creatures vanquished.

Vanquished Creatures (others)
  2 fungi (D:4)
2 creatures vanquished.

Grand Total: 169 creatures vanquished

Notes
Turn   | Place    | Note
-------+----------+-------------------------------------------
     0 | D:1      | qw the Gargoyle Berserker began the quest for the Orb.
     0 | D:1      | Reached XP level 1. HP: 14/14 MP: 1/1
     0 | D:1      | 0 ||| qw: Version: 0.1-a-111-g1c1fd2e
     0 | D:1      | 0 ||| qw: Game counter: 6613
     0 | D:1      | 0 ||| qw: Always use a shield: true
     0 | D:1      | 0 ||| qw: Do Orc after D:15 true
     0 | D:1      | 0 ||| qw: Do second Lair branch before Depths: true
     0 | D:1      | 0 ||| qw: Lair rune preference: random
     0 | D:1      | 0 ||| qw: Plans: Normal
     0 | D:1      | 0 ||| PLANNING D:1-11
    11 | D:1      | 11 ||| INVOKING Berserk.
    15 | D:1      | Reached skill level 3 in Axes
    15 | D:1      | Reached XP level 2. HP: 19/19 MP: 2/2
   275 | D:1      | 275 ||| Stepping ~*~*~tactically~*~*~ (stealth).
   276 | D:1      | 276 ||| Stepping ~*~*~tactically~*~*~ (stealth).
   287 | D:1      | 287 ||| INVOKING Berserk.
   289 | D:1      | Reached XP level 3. HP: 15/23 MP: 3/3
   571 | D:1      | 571 ||| Stepping ~*~*~tactically~*~*~ (stealth).
   573 | D:1      | 573 ||| Stepping ~*~*~tactically~*~*~ (stealth).
   825 | D:1      | Reached skill level 4 in Axes
  1159 | D:1      | 1159 ||| UPGRADING to +0 ring mail.
  1169 | D:1      | 1169 ||| DROPPING +0 animal skin.
  1170 | D:1      | 1170 ||| UPGRADING to amulet of regeneration.
  1175 | D:1      | 1175 ||| READING 2 scrolls labelled DAILE CAIXEOXZOB.
  1176 | D:1      | 1176 ||| READING scroll labelled KURUAXZ JOKAT.
  1177 | D:1      | 1177 ||| READING scroll labelled OLLIBI ILENAGG.
  1178 | D:1      | 1178 ||| READING scroll labelled GOUNUO MEIBRIMME.
  1199 | D:2      | Reached ** piety under Trog
  1200 | D:2      | Found a shimmering altar of Xom.
  1227 | D:2      | 1227 ||| INVOKING Berserk.
  1232 | D:2      | Reached XP level 4. HP: 28/28 MP: 4/4
  1953 | D:2      | 1953 ||| UPGRADING to +0 plate armour.
  1963 | D:2      | 1963 ||| DROPPING +0 ring mail.
  1964 | D:2      | 1964 ||| READING scroll labelled MATWEA QIGHOI.
  1969 | D:2      | 1969 ||| READING scroll labelled ZATUQE TAJUSS.
  1970 | D:2      | 1970 ||| READING scroll labelled SUUMNE IDODUF.
  1971 | D:2      | 1971 ||| READING scroll labelled XOETHI UNESI.
  1972 | D:2      | 1972 ||| READING scroll labelled OCEV YK QUNUSM.
  1996 | D:3      | 1996 ||| Stepping ~*~*~tactically~*~*~ (stealth).
  1999 | D:3      | 1999 ||| Stepping ~*~*~tactically~*~*~ (stealth).
  2133 | D:3      | Reached skill level 1 in Throwing
  2133 | D:3      | Reached XP level 5. HP: 32/32 MP: 5/5
  2214 | D:3      | 2214 ||| READING scroll of enchant armour.
  2214 | D:3      | 2214 ||| ENCHANTING +0 plate armour.
  2225 | D:3      | 2225 ||| READING scroll of enchant armour.
  2225 | D:3      | 2225 ||| ENCHANTING +1 plate armour.
  2513 | D:3      | Reached skill level 5 in Axes
  2882 | D:3      | 2882 ||| UPGRADING to +0 pair of boots.
  2887 | D:3      | 2887 ||| UPGRADING to +6 ring of strength.
  2888 | D:3      | 2888 ||| READING scroll labelled IDID NOJYTARPH.
  2889 | D:3      | 2889 ||| DRINKING 3 coppery potions.
  2890 | D:3      | 2890 ||| READING 3 scrolls of identify.
  2890 | D:3      | 2890 ||| IDENTIFYING purple potion
  2891 | D:3      | 2891 ||| READING 2 scrolls of identify.
  2891 | D:3      | 2891 ||| IDENTIFYING viscous yellow potion
  2892 | D:3      | 2892 ||| DROPPING 2 potions of magic.
  2893 | D:3      | 2893 ||| DROPPING potion of degeneration.
  3019 | D:4      | You fall into a shaft and drop 2 floors!
  3024 | D:5      | Entered Level 5 of the Dungeon
  3063 | D:4      | 3063 ||| INVOKING Berserk.
  3068 | D:4      | Reached skill level 3 in Armour
  3181 | D:4      | 3181 ||| DROPPING +0 whip.
  3270 | D:4      | Reached XP level 6. HP: 38/38 MP: 6/6
  3313 | D:4      | Found a shimmering blue altar of Sif Muna.
  3321 | D:4      | 3321 ||| Stepping ~*~*~tactically~*~*~ (stealth).
  3324 | D:4      | Reached *** piety under Trog
  3413 | D:4      | Noticed Robin
  3418 | D:4      | 3418 ||| INVOKING Berserk.
  3423 | D:4      | Killed Robin
  3565 | D:4      | Found Wuguiqerum's Serpentskin Sales.
  3565 | D:4      | Noticed a water moccasin
  3574 | D:4      | Killed a water moccasin
  3575 | D:4      | Reached skill level 6 in Axes
  3614 | D:4      | Identified the +1 robe of the Ant {+Blink Dex+4}
  3706 | D:4      | Found a runed translucent door.
  3707 | D:4      | Noticed Crazy Yiuf
  3728 | D:4      | Noticed Edmund
  3733 | D:4      | 3733 ||| INVOKING Berserk.
  3744 | D:4      | Killed Edmund
  3745 | D:4      | Reached XP level 7. HP: 43/43 MP: 7/7
  3773 | D:4      | 3773 ||| Stepping ~*~*~tactically~*~*~ (stealth).
  3782 | D:4      | 3782 ||| DROPPING +0 flail.
  4137 | D:4      | 4137 ||| UPGRADING to +1 helmet.
  4142 | D:4      | 4142 ||| READING scroll labelled MYG ZECEX OMU.
  4157 | D:5      | 4157 ||| STAIRDANCE
  4217 | D:5      | 4217 ||| INVOKING Berserk.
  4230 | D:5      | HP: 6/43 [gnoll/+0 halberd[a gnoll sergeant] (8)]
  4381 | D:5      | 4381 ||| Stepping ~*~*~tactically~*~*~ (stealth).
  4399 | D:5      | Reached skill level 7 in Axes
  4415 | D:5      | 4415 ||| Stepping ~*~*~tactically~*~*~ (stealth).
  4421 | D:5      | 4421 ||| INVOKING Berserk.
  4428 | D:5      | 4428 ||| Stepping ~*~*~tactically~*~*~ (stealth).
  4556 | D:5      | 4556 ||| Stepping ~*~*~tactically~*~*~ (stealth).
  4557 | D:5      | 4557 ||| Stepping ~*~*~tactically~*~*~ (stealth).
  4558 | D:5      | 4558 ||| Stepping ~*~*~tactically~*~*~ (stealth).
  4559 | D:5      | 4559 ||| Stepping ~*~*~tactically~*~*~ (stealth).
  4563 | D:5      | 4563 ||| Stepping ~*~*~tactically~*~*~ (stealth).
  4569 | D:5      | 4569 ||| Stepping ~*~*~tactically~*~*~ (stealth).
  4572 | D:5      | 4572 ||| Stepping ~*~*~tactically~*~*~ (stealth).
  4619 | D:5      | Reached XP level 8. HP: 48/48 MP: 8/8
  4626 | D:5      | 4626 ||| Stepping ~*~*~tactically~*~*~ (stealth).
  4628 | D:5      | 4628 ||| Stepping ~*~*~tactically~*~*~ (hiding).
  4630 | D:5      | 4630 ||| DRINKING potion of curing.
  4630 | D:5      | 4630 ||| (to cure confusion)
  4783 | D:5      | Found a hide-covered altar of Uskayaw.
  4952 | D:5      | 4952 ||| INVOKING Berserk.
  5313 | D:5      | 5313 ||| DROPPING amulet of magic regeneration.
  5314 | D:5      | 5314 ||| READING scroll labelled GOALOGYSHRE.
  5315 | D:5      | 5315 ||| DRINKING 2 fizzy grey potions.
  5316 | D:5      | 5316 ||| DRINKING 2 fuming pink potions.
  5317 | D:5      | 5317 ||| READING 2 scrolls of identify.
  5317 | D:5      | 5317 ||| IDENTIFYING sapphire potion
  5318 | D:5      | 5318 ||| DROPPING potion of flight.
  5345 | D:6      | Reached skill level 8 in Axes
  5371 | D:6      | 5371 ||| Stepping ~*~*~tactically~*~*~ (hiding).
  5375 | D:6      | Reached **** piety under Trog
  5410 | D:6      | 5410 ||| Stepping ~*~*~tactically~*~*~ (stealth).
  5411 | D:6      | 5411 ||| Stepping ~*~*~tactically~*~*~ (stealth).
  5413 | D:6      | 5413 ||| INVOKING Berserk.
  5530 | D:6      | 5530 ||| Stepping ~*~*~tactically~*~*~ (hiding).
  5692 | D:6      | 5692 ||| INVOKING Berserk.
  5835 | D:6      | 5835 ||| Stepping ~*~*~tactically~*~*~ (hiding).
  5837 | D:6      | 5837 ||| Stepping ~*~*~tactically~*~*~ (hiding).
  5839 | D:6      | 5839 ||| Stepping ~*~*~tactically~*~*~ (hiding).
  5897 | D:6      | 5897 ||| READING scroll of enchant armour.
  5897 | D:6      | 5897 ||| ENCHANTING +1 helmet.
  5950 | D:6      | Identified the +7 short sword "Ettosous" {chaos, Int+5
                  | Dex-5}
  6057 | D:6      | Reached skill level 6 in Fighting
  6068 | D:6      | Found an ancient bone altar of Kikubaaqudgha.
  6153 | D:6      | 6153 ||| READING 2 scrolls of identify.
  6153 | D:6      | 6153 ||| IDENTIFYING viscous sapphire potion
  6154 | D:6      | 6154 ||| DROPPING potion of ambrosia.
  6260 | D:7      | 6260 ||| Stepping ~*~*~tactically~*~*~ (hiding).
  6480 | D:7      | Found a shimmering altar of Xom.
  6683 | D:7      | Reached XP level 9. HP: 52/55 MP: 9/9
  6789 | D:7      | Found a staircase to the Ecumenical Temple.
  6789 | D:7      | Noticed Maggie
  6806 | D:7      | Killed Maggie
  6807 | D:7      | Reached skill level 9 in Axes
  6819 | D:7      | 6819 ||| Stepping ~*~*~tactically~*~*~ (stealth).
  6962 | D:7      | 6962 ||| INVOKING Berserk.
  7083 | D:7      | Noticed Menkaure
  7085 | D:7      | 7085 ||| INVOKING Berserk.
  7090 | D:7      | Killed Menkaure
  7241 | D:7      | Noticed an angel
  7242 | D:7      | Found a glowing silver altar of Zin.
  7307 | D:7      | 7307 ||| INVOKING Berserk.
  7506 | D:7      | 7506 ||| READING 2 scrolls labelled KAXUFE HAHUOSEM.
  7518 | D:7      | 7518 ||| READING scroll labelled SIWE QIODUAPP.
  7519 | D:7      | 7519 ||| READING 2 scrolls of identify.
  7519 | D:7      | 7519 ||| IDENTIFYING orange potion
  7520 | D:7      | 7520 ||| DROPPING scroll of torment.
  7577 | D:8      | 7577 ||| INVOKING Berserk.
  7592 | D:8      | Reached skill level 6 in Armour
  7604 | D:8      | HP: 12/57 [wight/+3 falchion (10)]
  7605 | D:8      | 7605 ||| READING scroll of teleportation.
  7605 | D:8      | HP: 5/57 [wight/+3 falchion (5)]
  7605 | D:8      | Slain by a killer bee

Levels and vault maps discovered:
D:1:      psy_arrival_statuary, layout_loops_cross
D:2:      layout_basic, basic_altar
D:3:      layout_loops_corners
D:4:      layout_loops_ring, old_standard_altar, guppyfry_shop_venom,
          uniq_edmund, uniq_robin, uniq_crazy_yiuf_cottage
D:5:      layout_rooms, nicolae_uskayaw_dance_hall, dk_vineyard_2,
          hangedman_minor_gate_pass
D:6:      layout_cave_pools, lemuel_tele_altar,
          hangedman_abyss_or_decor_stagger, hangedman_decor_peaks_small
D:7:      layout_basic, dk_xom_monty_hall, zin_angel,
          minmay_temple_entry_nine_rooms, uniq_maggie, uniq_menkaure
D:8:      layout_rooms, vehumet_altar_wand_db, dpeg_lair_monsters,
          grunt_ministairs_6, uniq_joseph, uniq_amaemon

Skill      XL: |  1  2  3  4  5  6  7  8  9 |
---------------+----------------------------+-----
Axes           | 3 4 5 6 7 8 9 |  9.4
Throwing       | 1 |  1.2
Armour         | 3 4 5 6 |  6.1
Fighting       | 4 6 7 |  7.1
Dodging        | |  1.5

Action                   |  1- 3 |  4- 6 |  7- 9 || total
-------------------------+-------+-------+-------++-------
Melee: Hand axe          |   109 |   217 |   236 ||   562
       Punch             |       |     1 |     2 ||     3
Throw: Javelin           |       |    15 |       ||    15
Invok: Berserk           |     3 |     3 |     9 ||    15
  Use: Scroll            |     4 |    10 |     9 ||    23
       Potion            |       |     1 |     3 ||     4
Armor: Animal skin       |    37 |       |       ||    37
       Ring mail         |     6 |    16 |       ||    22
       Plate armour      |       |   122 |   167 ||   289
Dodge: Dodged            |    66 |    78 |    91 ||   235

Table legend:
 A = Non-vault XP
 B = Vault XP
 C = Vault XP percentage of total XP
 D = Non-vault monster count
 E = Vault monster count
 F = Vault count percentage of total count
                 A         B        C        D         E       F
            +---------+---------+-------+---------+---------+-------
      Total |    2147 |    1471 |  40.7 |     136 |      31 |  18.6
            +---------+---------+-------+---------+---------+-------
        D:1 |      62 |       0 |   0.0 |      29 |       0 |   0.0
        D:2 |      52 |       0 |   0.0 |      17 |       0 |   0.0
        D:3 |      91 |       0 |   0.0 |      23 |       0 |   0.0
        D:4 |     163 |     382 |  70.1 |      23 |      16 |  41.0
        D:5 |     614 |     260 |  29.7 |      20 |       7 |  25.9
        D:6 |     435 |       0 |   0.0 |       9 |       0 |   0.0
        D:7 |     563 |     599 |  51.5 |      12 |       4 |  25.0
        D:8 |     167 |     230 |  57.9 |       3 |       4 |  57.1
            +---------+---------+-------+---------+---------+-------
